 Dungeon Crawl Stone Soup version 0.21.1 (webtiles) character file.

89 letownia2 the Conjurer (level 4, 7/24 HPs)
             Began as a Gargoyle Wizard on Feb 3, 2018.
             Quit the game on level 4 of the Dungeon.
             The game lasted 00:06:46 (1823 turns).

letownia2 the Conjurer (Gargoyle Wizard)            Turns: 1823, Time: 00:06:47

Health: 7/24       AC:  6    Str: 11    XL:     4   Next: 55%
Magic:  2/8        EV: 11    Int: 19    God:
Gold:   87         SH:  0    Dex:  8    Spells: 0/9 levels left

rFire    . . .     SeeInvis .   i - +0 dagger
rCold    . . .     Gourm    .   (no shield)
rNeg     + . .     Faith    .   l - +0 leather armour
rPois    ∞         Spirit   .   b - +0 hat
rElec    +         Reflect  .   (no cloak)
rCorr    .         Harm     .   (no gloves)
MR       .....                  (no boots)
Stlth    +.........             (no amulet)
HPRegen  0.08/turn              (no ring)
MPRegen  0.11/turn              (no ring)

@: no status effects
A: negative energy resistance 1, electricity resistance, unbreathing,
petrification resistance, rot immunity, AC +3
a: no special abilities


You were on level 4 of the Dungeon.
You were near starving.

You visited 1 branch of the dungeon, and saw 4 of its levels.

You collected 87 gold pieces.

Inventory:

Hand Weapons
 f - a +0 hand axe
 i - a +0 dagger (weapon)
Armour
 a - a +0 robe
 b - a +0 hat (worn)
 k - a cursed +0 chain mail
 l - a +0 leather armour (worn)
 m - a +1 hat
Scrolls
 e - a scroll of identify {unknown}
 h - a scroll of remove curse {unknown}
Potions
 g - a potion of brilliance {unknown}
 j - a potion of lignification {unknown}
Books
 c - a book of Minor Magic

   Spells                             Type                      Level
   a - Magic Dart                     Conjuration                  1
   b - Blink                          Translocation                2
   c - Call Imp                       Summoning                    2
   d - Slow                           Hexes                        2
   e - Conjure Flame                  Conjuration/Fire             3
   f - Mephitic Cloud                 Conjuration/Poison/Air       3
Comestibles
 d - 3 rations


   Skills:
 + Level 0.4 Fighting
 - Level 1.5 Dodging
 - Level 2.1 Stealth
 - Level 3.0 Spellcasting
 - Level 3.2 Conjurations
   Level 0.8 Summonings
 + Level 1.1 Translocations
 + Level 1.2 Fire Magic
 + Level 1.0 Air Magic
 + Level 1.2 Poison Magic


You couldn't memorise any spells.
You knew the following spells:

 Your Spells              Type           Power        Failure   Level  Hunger
a - Magic Dart            Conj           ###.         5%          1    None
b - Blink                 Tloc           N/A          19%         2    ##.....
c - Conjure Flame         Conj/Fire      ##......     24%         3    ###....
e - Mephitic Cloud        Conj/Pois/Air  #.......     28%         3    ###....


Dungeon Overview and Level Annotations

Branches:
Dungeon (4/15)
 Temple: D:4-7

Altars:
Ru
Vehumet

Annotations:
D:2 Jessica
D:4 Natasha


Innate Abilities, Weirdness & Mutations

You are resistant to torment.
Your stone body is resilient. (AC +3)
You are immune to poison.
You resist negative energy. (rN+)
You are resistant to electric shocks. (rElec)
You can survive without breathing.
You are immune to petrification.
You are immune to rotting.


Message History

A gnoll comes into view. It is wielding a club.
The gnoll shouts!
The ogre ponders the situation.
The quokka barely misses you. 2 gnolls come into view.
The gnoll shouts!
The adder skeleton bites you but does no damage.
A gnoll comes into view. It is wielding a spear.
You are near starving!
The gnoll hits you with a club.
* * * LOW HITPOINT WARNING * * *
The ogre barely misses something.
The adder skeleton bites you but does no damage.
The adder skeleton closely misses you.
Unknown command.
The quokka barely misses you.
The quokka twitches its whiskers.
An adder comes into view.
The adder skeleton bites you but does no damage.
Are you sure you want to abandon this character and quit the game? (Confirm with "yes".)

# ############ #
#..........# #
#..........# ##
#.@rZ...g..# ##.
#####..g...######..
######g..g.##..
#..##.....
##.####..# #.#
#...# #.#...###
.S...# ##..#


You could see 2 gnolls, a quokka and an adder skeleton.

Vanquished Creatures
  An orc wizard (D:3)
  3 gnolls (D:3)
  An adder (D:3)
  A worm (D:3)
  A dart slug (D:2)
  An orc (D:3)
  2 giant cockroaches
  3 hobgoblins
  A jackal (D:2)
  A kobold (D:3)
  A ball python (D:2)
  4 frilled lizards
  3 goblins
  A rat (D:2)
24 creatures vanquished.

Notes
Turn   | Place    | Note
-------+----------+-------------------------------------------
     0 | D:1      | letownia2 the Gargoyle Wizard began the quest for the Orb.
     0 | D:1      | Reached XP level 1. HP: 10/10 MP: 4/4
   316 | D:2      | Reached XP level 2. HP: 14/15 MP: 0/6
   587 | D:3      | Reached XP level 3. HP: 19/19 MP: 0/7
   666 | D:3      | Learned a level 3 spell: Mephitic Cloud
   670 | D:3      | Learned a level 3 spell: Conjure Flame
   984 | D:2      | Noticed Jessica
   989 | D:2      | Found a sacrificial altar of Ru.
  1279 | D:3      | Reached skill level 1 in Fire Magic
  1279 | D:3      | Reached skill level 1 in Poison Magic
  1279 | D:3      | Reached XP level 4. HP: 24/24 MP: 3/8
  1285 | D:3      | Learned a level 2 spell: Blink
  1420 | D:3      | Found a radiant altar of Vehumet.
  1613 | D:4      | Noticed an ogre
  1646 | D:3      | Reached skill level 1 in Translocations
  1646 | D:3      | Reached skill level 1 in Air Magic
  1788 | D:4      | Noticed an ogre
  1801 | D:4      | Noticed Natasha
  1823 | D:4      | Quit the game

Skill      XL: |  1  2  3  4 |
---------------+-------------+-----
Conjurations   | 2 3 |  3.2
Fire Magic     | 1 |  1.2
Poison Magic   | 1 |  1.2
Translocations | 1 |  1.1
Air Magic      | 1 |  1.0
Fighting       | |  0.4
Dodging        | |  1.5
Stealth        | |  2.1
Spellcasting   | |  3.0
Summonings     | |  0.8

Action                   |  1- 3 |  4- 6 || total
-------------------------+-------+-------++-------
Melee: Unarmed           |    15 |       ||    15
       Dagger            |     2 |    38 ||    40
 Cast: Magic Dart        |    56 |     7 ||    63
       Mephitic Cloud    |     1 |     6 ||     7
 Stab: Confused          |       |     4 ||     4
  Eat: Chunk             |       |     2 ||     2
Armor: Robe              |     9 |     4 ||    13
       Leather armour    |       |     3 ||     3
Dodge: Dodged            |    21 |    10 ||    31
